 Dungeon Crawl Stone Soup version 0.24-a0-201-gf205589 (webtiles) character file.

Game seed: 7678738769685699151

21 Ivan the Skirmisher (level 2, -4/24 HPs)
             Began as a Demonspawn Abyssal Knight on Mar 24, 2019.
             Was a Follower of Lugonu.
             Slain by a worm (10 damage)
             ... on level 2 of the Dungeon.
             The game lasted 00:01:36 (620 turns).

Ivan the Skirmisher (Demonspawn Abyssal Knight)      Turns: 620, Time: 00:01:37

Health: -4/24      AC:  3    Str: 12    XL:     2   Next: 62%
Magic:  3/3        EV: 11    Int: 13    God:    Lugonu [*.....]
Gold:   75         SH:  0    Dex: 12    Spells: 1/1 levels left

rFire    . . .     SeeInvis .   a - +1 mace
rCold    . . .     Gourm    .   (no shield)
rNeg     . . .     Faith    .   b - +0 leather armour
rPois    .         Spirit   .   (no helmet)
rElec    .         Reflect  .   (no cloak)
rCorr    .         Harm     .   (no gloves)
MR       .....                  (no boots)
Stlth    +.........             (no amulet)
HPRegen  0.08/turn              (no ring)
MPRegen  0.08/turn              (no ring)

@: no status effects
A: powered by pain 1
a: Depart the Abyss, Renounce Religion


You were on level 2 of the Dungeon.
You worshipped Lugonu.
Lugonu was aware of your devotion.
You were not hungry.

You visited 1 branch of the dungeon, and saw 2 of its levels.
You visited the Abyss 1 time.

You collected 75 gold pieces.

Inventory:

Hand Weapons
 a - a +1 mace (weapon)
Armour
 b - a +0 leather armour (worn)
Jewellery
 f - an uncursed ring of positive energy
Scrolls
 d - 2 scrolls of noise {unknown}
 e - a scroll of remove curse {unknown}
 g - a scroll of enchant armour {unknown}
 j - 2 scrolls of identify {unknown}
 k - a scroll of fog {unknown}
 l - a scroll of teleportation {unknown}
Potions
 h - a potion of mutation {unknown}
 i - a potion of might {unknown}
Comestibles
 c - 3 rations


   Skills:
 + Level 3.5 Fighting
 + Level 2.0 Maces & Flails
 + Level 1.9 Armour
 + Level 1.0 Dodging
 + Level 0.1 Stealth
 + Level 2.5 Invocations


You had one spell level left.
You didn't know any spells.
Your spell library was empty.

Dungeon Overview and Level Annotations

Branches:
Dungeon (2/15)

Altars:


Innate Abilities, Weirdness & Mutations

You sometimes gain a little power by taking damage.


Message History

Lugonu accepts your kill.
A worm comes into view.
The dart slug bites you.
You see here a +0 short sword.
You hit the dart slug.
The dart slug is moderately wounded.
The dart slug bites you.
* * * LOW HITPOINT WARNING * * *
You hit the dart slug but do no damage.
The dart slug is moderately wounded.
You hit the dart slug.
The dart slug is almost dead.
The dart slug barely misses you.
You hit the dart slug.
You kill the dart slug!
Lugonu accepts your kill.
You hit the worm.
The worm is lightly wounded.
The worm bites you!
You die...

#######
#.....#
#.....#
###.....####
...........
#.....#
#.....#
##w##...#
##@# ..#
#.># # ...
#.## ....
#.# .... #.#
..... ##.#
.....##..#
#.......##
##...#..##


You could see a worm.

Vanquished Creatures
  A dart slug (D:2)
  A leopard gecko (D:1)
  2 giant cockroaches (D:1)
  2 bats (D:2)
  2 frilled lizards
  3 goblins
  4 kobolds
  5 rats
20 creatures vanquished.

Notes
Turn   | Place    | Note
-------+----------+-------------------------------------------
     0 | Abyss:1  | Ivan the Demonspawn Abyssal Knight began the quest for the
                  | Orb.
     0 | Abyss:1  | Reached XP level 1. HP: 18/18 MP: 2/2
    30 | Abyss:1  | Noticed a quasit
    30 | Abyss:1  | Noticed a daeva
    31 | D:1      | Escaped the Abyss
    31 | D:1      | Noticed a yellow draconian
    37 | D:1      | Noticed a golden dragon
    38 | D:1      | Noticed an iron dragon
    39 | D:1      | Noticed an iron dragon
    40 | D:1      | Noticed an ice dragon
    42 | D:1      | Noticed a tentacled monstrosity
    44 | D:1      | Noticed a large abomination
    45 | D:1      | Noticed a shadow dragon
    46 | D:1      | Noticed an iron dragon
    48 | D:1      | Noticed a large abomination
    50 | D:1      | Noticed an orb of fire
    52 | D:1      | Noticed a large abomination
   255 | D:1      | Reached skill level 1 in Dodging
   257 | D:1      | Reached * piety under Lugonu
   285 | D:1      | Gained mutation: You sometimes gain a little power by
                  | taking damage. [demonic ancestry]
   285 | D:1      | Reached XP level 2. HP: 14/24 MP: 3/3
   620 | D:2      | Slain by a worm

Levels and vault maps discovered:
D:1:      shiori_arrival_whats_in_store_for_you, layout_rooms, nrook_campfire
D:2:      layout_rooms, okawaru_altar_gauntlet_db, first_ration,
          chequers_ecumenical_altar_twisty, minmay_tetromino_s2
Abyss:1

Skill      XL: |  1  2 |
---------------+-------+-----
Dodging        | 1 |  1.0
Maces & Flails | 2 |  2.0
Fighting       | |  3.5
Armour         | |  1.9
Stealth        | |  0.1
Invocations    | |  2.5

Action                   || total
-------------------------++-------
Melee: Mace              ||    66
Invok: Depart the Abyss  ||     1
Armor: Leather armour    ||    27
Dodge: Dodged            ||    44

Table legend:
 A = Non-vault XP
 B = Vault XP
 C = Vault XP percentage of total XP
 D = Non-vault monster count
 E = Vault monster count
 F = Vault count percentage of total count
                 A         B        C        D         E       F
            +---------+---------+-------+---------+---------+-------
      Total |      30 |       0 |   0.0 |      20 |       0 |   0.0
            +---------+---------+-------+---------+---------+-------
        D:1 |      16 |       0 |   0.0 |      11 |       0 |   0.0
        D:2 |      14 |       0 |   0.0 |       9 |       0 |   0.0
            +---------+---------+-------+---------+---------+-------
